 Dungeon Crawl Stone Soup version 0.28-a0-58-g8378e6c (webtiles) character file.

Game seed: 6594217464853172763

2439 Illumine the Basher (level 9, -14/84 HPs)
             Began as a Gargoyle Fighter on July 30, 2021.
             Was an Initiate of Gozag.
             Demolished by an orc knight (29 damage)
             ... in a bailey.
             The game lasted 00:14:00 (7786 turns).

Illumine the Basher (Gargoyle Fighter)              Turns: 7786, Time: 00:14:01

Health: -14/84     AC: 16    Str: 30    XL:     9   Next: 49%
Magic:  9/9        EV:  7    Int:  8    God:    Gozag
Gold:   398        SH: 17    Dex:  9    Spells: 8/8 levels left

rFire   + + .      SeeInvis .   F - +0 mace
rCold   + + .      Faith    .   s - +0 tower shield
rNeg    + . .      Spirit   .   r - +1 ring mail {rC+}
rPois   ∞          Reflect  .   (no helmet)
rElec   +          Harm     .   N - scarf {rC+ rF+}
rCorr   .          Rampage  .   B - +1 pair of gloves
Will    .....                   (no boots)
Stlth   ..........              O - amulet of the acrobat
HPRegen 0.24/turn               n - +6 ring of strength
MPRegen 0.11/turn               D - ring of protection from fire

@: berserking (expiring), marked, very quick
A: sickness immunity, AC +6, negative energy resistance 1, electricity
resistance, torment resistance 1, petrification resistance
a: Renounce Religion, Potion Petition, Call Merchant, Bribe Branch


You were in a bailey.
You worshipped Gozag.
Gozag was aware of your devotion.
You visited 1 branch of the dungeon, and saw 7 of its levels.
You also visited: Ossuary and Bailey.

You collected 1083 gold pieces.
You spent 564 gold pieces at shops.
You paid 121 gold pieces to Gozag.

Inventory:

Hand Weapons
 F - a +0 mace (weapon)
 H - a +0 hunting sling
Missiles
 E - 12 bolts
 G - 5 curare-tipped darts
 P - 51 boomerangs (quivered)
Armour
 c - a +0 kite shield
 r - a +1 ring mail of cold resistance (worn)
 s - a +0 tower shield (worn)
 B - a +1 pair of gloves (worn)
 N - a scarf of resistance (worn)
Jewellery
 d - a ring of positive energy
 e - a ring of resist corrosion
 n - a +6 ring of strength (left hand)
 u - an amulet of magic regeneration
 D - a ring of protection from fire (right hand)
 L - a ring of magical power
 O - an amulet of the acrobat (around neck)
Wands
 g - a wand of paralysis (4)
 w - a wand of polymorph (9)
 C - a wand of flame (4)
Scrolls
 a - 3 scrolls of teleportation
 b - a scroll of magic mapping {unknown}
 f - a scroll of enchant weapon {unknown}
 i - 3 scrolls of fog
 j - 3 scrolls of noise {unknown}
 l - 3 scrolls of enchant armour {unknown}
 m - a scroll of holy word {unknown}
 o - 2 scrolls of blinking {unknown}
 y - 2 scrolls of immolation {unknown}
 M - a scroll of vulnerability {unknown}
Potions
 h - 2 potions of magic
 k - 4 potions of flight
 p - 2 potions of lignification
 q - a potion of brilliance
 t - 4 potions of haste
 v - a potion of heal wounds {unknown}
 x - a potion of cancellation {unknown}
 z - a potion of invisibility {unknown}
 A - 3 potions of berserk rage
 I - 4 potions of degeneration {unknown}
 J - a potion of curing
 K - a potion of ambrosia {unknown}


   Skills:
 + Level 6.9 Fighting
 * Level 8.1 Maces & Flails
 + Level 0.4 Throwing
 + Level 6.9 Armour
 + Level 6.9 Shields


You had 8 spell levels left.
You didn't know any spells.
Your spell library contained the following spells:

 Spells                   Type           Power      Damage    Failure   Level
 Animate Skeleton         Necr           0%         N/A       99%         1
 Pain                     Necr           0%         1d4       99%         1
 Vampiric Draining        Necr           0%         2d6       100%        3


Dungeon Overview and Level Annotations

Branches:
Dungeon (7/15)             Temple (0/1) D:6         Ossuary (visited)
 Bailey (1/1)

Altars:
Gozag

Shops:
D:2 [   D:4 *   D:5 *


Innate Abilities, Weirdness & Mutations

You are immune to sickness and miasma.
Your stone body is resilient. (AC +6)
You are immune to poison.
You resist negative energy. (rN+)
You are resistant to electric shocks. (rElec)
You are resistant to unholy torment.
You are immune to petrification.


Message History

A red film seems to cover your vision as you go berserk!
You feel yourself moving faster!
You feel mighty!
The orc knight roars a battlecry!
The orc goes into a battle-frenzy!
You sock the orc knight!
The orc knight is lightly wounded.
The orc knight roars a battlecry!
The orc knight goes into a battle-frenzy!
You sock the orc knight!
The orc knight is moderately wounded.
The orc knight roars a battlecry!
The orc knight goes into a battle-frenzy!
The orc knight barely misses you.
You hit the orc knight.
The orc knight is heavily wounded.
The orc knight hits you with a +0 war axe!!!
* * * LOW HITPOINT WARNING * * *
You thump the orc knight!
The orc knight is severely wounded.
You block the orc knight's attack.
You closely miss the orc knight.
The orc knight is severely wounded.
You sock the orc knight!
The orc knight is severely wounded.
The orc no longer looks unusually strong.
You block the orc knight's attack.
You barely miss the orc knight.
The orc knight is severely wounded.
The orc knight barely misses you.
You sock the orc knight!
The orc knight is almost dead.
You block the orc knight's attack.
You barely miss the orc knight.
The orc knight is almost dead.
You block the orc knight's attack.
You sock the orc knight!
The orc knight is almost dead.
The orc knight hits you with a +0 war axe!!
You die...
Your body crumbles into a pile of gold.

##.............####
###.≈≈≈≈≈≈≈.........###
##≈≈≈≈≈≈≈≈≈≈≈≈≈≈.......##
≈≈≈≈#########≈≈≈≈≈......##
≈≈≈∩#.K.ogo.#∩≈≈≈≈≈≈≈....###
≈####gg..g..####).≈≈≈≈≈≈≈≈≈#
.#.
####'####g.#.)...≈≈≈≈≈≈≈≈≈≈
#. ..$.o.go###).....#≈≈≈≈≈≈#
'.
##'####ooo@#.....#########
#. ... #.o###.......## #.
#..#....⌠.....# ##
##'#.....)...##
#...........##
.............####
.#############


You could see 2 orc knights, an orc warrior (strong), 3 orcs, a hobgoblin and a
goblin.

Vanquished Creatures
  A manticore (D:6)
  A komodo dragon (D:6)
  Eustachio (D:4)
  Duvessa (D:5)
  2 water moccasins
  An orc warrior (Bailey)
  An ice beast (D:6)
  A sky beast (D:5)
  An ogre (D:5)
  A centaur (D:7)
  A bullfrog (D:7)
  Dowan (D:5)
  2 scorpions
  A wyvern zombie (D:6)
  A centaur zombie (D:6)
  A human zombie (Ossuary)
  3 jellies
  A centaur skeleton (D:4)
  A bullfrog skeleton (D:5)
  Terence (D:2)
  4 iguanas
  An orc wizard (D:7)
  Ijyb (D:5)
  4 mummies (Ossuary)
  A gnoll (Bailey)
  5 adders
  An adder zombie (Ossuary)
  3 worms
  3 dart slugs
  19 orcs
  9 ball pythons
  6 endoplasms
  8 giant cockroaches
  A gnoll zombie (Ossuary)
  12 goblins
  10 hobgoblins
  8 jackals (D:1)
  22 kobolds
  6 quokkas
  4 bats
  5 frilled lizards
  A hobgoblin zombie (Ossuary)
  A jackal zombie (Ossuary)
  3 kobold zombies (Ossuary)
  6 rats
  4 rat zombies (Ossuary)
172 creatures vanquished.

Notes
Turn   | Place    | Note
-------+----------+-------------------------------------------
     0 | D:1      | Illumine the Gargoyle Fighter began the quest for the Orb.
     0 | D:1      | Reached XP level 1. HP: 14/14 MP: 1/1
    96 | D:1      | Reached XP level 2. HP: 19/19 MP: 2/2
   553 | D:1      | Reached XP level 3. HP: 22/23 MP: 3/3
   845 | D:1      | Found a faded altar of an unknown god.
  1165 | D:2      | Noticed a scorpion
  1175 | D:2      | Killed a scorpion
  1176 | D:2      | Reached skill level 3 in Maces & Flails
  1176 | D:2      | Reached XP level 4. HP: 25/29 MP: 4/4
  1456 | D:2      | Reached XP level 5. HP: 33/33 MP: 5/5
  1485 | D:2      | Noticed Terence
  1506 | D:2      | Killed Terence
  2128 | D:2      | Found Zuleaf's Armour Emporium.
  2134 | D:2      | Bought a +0 tower shield for 58 gold pieces
  2569 | D:3      | Reached skill level 4 in Maces & Flails
  2674 | D:3      | Reached XP level 6. HP: 36/38 MP: 6/6
  3502 | D:4      | Noticed Eustachio
  3572 | D:4      | Killed Eustachio
  3886 | D:4      | Found Ywiramp's Assorted Antiques.
  4075 | D:5      | Entered Level 5 of the Dungeon
  4076 | D:5      | Found Worobail's Neck Hole.
  4097 | D:5      | Noticed a water moccasin
  4112 | D:5      | Killed a water moccasin
  4113 | D:5      | Reached skill level 5 in Maces & Flails
  4113 | D:5      | Reached XP level 7. HP: 42/44 MP: 7/7
  4131 | D:5      | Found an opulent altar of Gozag.
  4177 | D:5      | Reached skill level 5 in Shields
  4192 | D:5      | Became a worshipper of Gozag Ym Sagoz the Greedy
  4357 | D:5      | Noticed Duvessa
  4358 | D:5      | Noticed Dowan
  4368 | D:5      | Killed Duvessa
  4369 | D:5      | Reached skill level 5 in Fighting
  4369 | D:5      | Reached skill level 5 in Armour
  4381 | D:5      | Killed Dowan
  4682 | D:5      | Noticed Ijyb
  4705 | D:5      | Killed Ijyb
  4767 | D:5      | Reached XP level 8. HP: 41/50 MP: 8/8
  4770 | D:5      | Reached skill level 6 in Maces & Flails
  5743 | D:6      | Found a sand-covered staircase.
  5748 | Ossuary  | Entered an ossuary
  6203 | D:6      | Noticed a manticore
  6215 | D:6      | Killed a manticore
  6216 | D:6      | Reached skill level 7 in Maces & Flails
  6216 | D:6      | Reached XP level 9. HP: 14/56 MP: 9/9
  6459 | D:6      | Found a staircase to the Ecumenical Temple.
  6652 | D:6      | Noticed a komodo dragon
  6673 | D:6      | Killed a komodo dragon
  6813 | D:2      | Bought a scarf of resistance for 416 gold pieces
  6887 | D:4      | Bought a glowing peridot amulet for 90 gold pieces
  7419 | D:7      | Reached skill level 8 in Maces & Flails
  7509 | D:7      | Found a flagged portal.
  7538 | Bailey   | Entered a bailey
  7577 | Bailey   | Noticed an orc knight
  7597 | Bailey   | Noticed an orc knight
  7786 | Bailey   | Demolished by an orc knight

Illustrated notes

Levels and vault maps discovered:
D:1:      dpeg_arrival_lava_altar, layout_rooms, serial_aquarium,
          aquarium_bridge_straight [aquarium_subvault_bridge,
          aquarium_subvault_wall, aquarium_subvault_bridge,
          aquarium_subvault_window], aquarium_window_1, aquarium_window_fake,
          aquarium_view_2d, aquarium_view_2b,
          hellmonk_ecumenical_altar_inner_sanctum, dk_noncrumbling_3,
          minmay_split_cup_large
D:2:      minmay_alternating_diamond, layout_basic, serial_shops, shop,
          fountainhead, uniq_terence
D:3:      layout_loops_ring
D:4:      layout_basic, serial_shops, nicolae_lakefront_shop, uniq_eustachio
D:5:      layout_loops_ring, nicolae_gozag_seed_capital,
          nicolae_shop_sticking_my_neck_out, uniq_ijyb, uniq_duvessa
D:6:      layout_basic, minmay_temple_entry_overgrown, enter_ossuary_5
D:7:      layout_layer_cave, enter_bailey_5
Bailey:   bailey_axe_4, bailey

Skill      XL: |  1  2  3  4  5  6  7  8  9 |
---------------+----------------------------+-----
Maces & Flails | 3 4 5 7 8 |  8.1
Shields        | 4 5 6 |  6.9
Fighting       | 4 5 6 |  6.9
Armour         | 4 5 6 |  6.9
Throwing       | |  0.4

Action                   |  1- 3 |  4- 6 |  7- 9 || total
-------------------------+-------+-------+-------++-------
Melee: Flail             |   145 |   239 |   111 ||   495
       Mace              |       |       |   237 ||   237
Throw: Dart              |       |       |     3 ||     3
       Boomerang         |       |       |    52 ||    52
Evoke: Wand              |       |       |     3 ||     3
  Use: Potion            |       |     1 |     5 ||     6
       Scroll            |       |       |     8 ||     8
Armor: Scale mail        |    99 |    10 |       ||   109
       Ring mail         |       |   102 |   156 ||   258
Dodge: Dodged            |    64 |    50 |    92 ||   206
Block: Kite shield       |   106 |    43 |       ||   149
       Tower shield      |       |   165 |   387 ||   552

Table legend: (Time is in decaauts)
 A = Elapsed time spent in this place.
 B = Non-inter-level travel time spent in this place.
 C = Inter-level travel time spent in this place.
 D = Time resting spent in this place.
 E = Time spent auto-exploring this place.
 F = Levels seen in this place.
 G = Mean time per level.
                   A        B        C        D        E       F      G
               +--------+--------+--------+--------+--------+-----+--------+
         Total |   8190 |   7846 |    344 |   1220 |   4133 |   9 |  910.0 |
       Dungeon |   7471 |   7127 |    344 |   1135 |   3955 |   7 | 1067.3 |
       Ossuary |    435 |    435 |      0 |     85 |    144 |   1 |  435.0 |
        Bailey |    283 |    283 |      0 |      0 |     34 |   1 |  283.0 |
               +--------+--------+--------+--------+--------+-----+--------+

Top non-repeatable levels by time:
     D:2: 1417 daAuts
     D:5: 1397 daAuts
     D:6: 1292 daAuts
     D:1: 1184 daAuts
     D:4: 1121 daAuts
     D:3: 700 daAuts
 Ossuary: 435 daAuts
     D:7: 357 daAuts
  Bailey: 283 daAuts
